 Dungeon Crawl Stone Soup version 0.26.1-2-gb8aa6d0cf2 (webtiles) character file.

Game seed: 15881882908032703416

24 Gadfly the Skirmisher (level 3, -2/58 HPs)
             Began as an Ogre Monk on Feb 13, 2021.
             Was a Believer of Okawaru.
             Slain by Terence
             ... wielding a +0 hand axe
              (8 damage)
             ... on level 2 of the Dungeon.
             The game lasted 00:02:07 (943 turns).

Gadfly the Skirmisher (Ogre Monk)                    Turns: 943, Time: 00:02:08

Health: -2/58      AC:  3    Str: 16    XL:     3   Next: 2%
Magic:  3/3        EV: 10    Int: 11    God:    Okawaru [**....]
Gold:   53         SH:  0    Dex: 11    Spells: 2/2 levels left

rFire    . . .     SeeInvis .   a - +0 mace
rCold    . . .     Faith    .   (no shield)
rNeg     . . .     Spirit   .   b - +0 robe
rPois    .         Reflect  .   (helmet restricted)
rElec    .         Harm     .   (no cloak)
rCorr    .         Rampage  .   (gloves unavailable)
Will     .....                  (boots unavailable)
Stlth    ..........             (no amulet)
HPRegen  0.19/turn              (no ring)
MPRegen  0.08/turn              (no ring)

@: berserking (expiring), very quick
A: large, unfitting armour, tough skin 1
a: Renounce Religion, Heroism


You were on level 2 of the Dungeon.
You worshipped Okawaru.
Okawaru was pleased with you.
You visited 1 branch of the dungeon, and saw 2 of its levels.

You collected 53 gold pieces.

Inventory:

Hand Weapons
 a - a +0 mace (weapon)
Missiles
 c - 124 stones (quivered)
Armour
 b - a +0 robe (worn)
Scrolls
 h - a scroll of magic mapping
Potions
 g - a potion of curing {unknown}
 i - a potion of haste {unknown}


   Skills:
 - Level 4.0 Fighting
 + Level 2.8 Maces & Flails
 * Level 0.9 Throwing
 * Level 0.6 Armour
 - Level 2.6 Dodging
 - Level 1.4 Stealth
 * Level 1.1 Invocations
 * Level 0.6 Evocations


You had 2 spell levels left.
You didn't know any spells.
Your spell library was empty.

Dungeon Overview and Level Annotations

Branches:
Dungeon (2/15)

Altars:
Okawaru

Annotations:
D:2 Terence


Innate Abilities, Weirdness & Mutations

You are too large for most types of armour.
You have tough skin. (AC +1)


Message History

A red film seems to cover your vision as you go berserk!
You feel yourself moving faster!
You feel mighty! Terence hits you with a +0 hand axe.
* * * LOW HITPOINT WARNING * * *
Unknown command.
Terence is nearby!
You barely miss Terence.
Terence is lightly wounded.
Terence hits you but does no damage.
You closely miss Terence.
Terence is lightly wounded.
Terence shouts, "Now you die!" Terence hits you with a +0 hand axe!
* * * LOW HITPOINT WARNING * * *
You hit Terence.
Terence is moderately wounded.
You hit Terence.
Terence is heavily wounded.
Terence hits you with a +0 hand axe!
You die...

..#... #.# #########.#...
#.# #....[..._.... #.#
#.#.....#.#... #.#
#.#.###.#.#... #.#.#
#.#.#......... #.#.#
#.#.#.#.#.##.# #.#.#
#.#.#.#.#..... #.#@#
#.#.#.#.#.##.# #.#@#
#.#.#.#.#.# #
#$#)###.#.#.#.#..
####.#.#...(.#.#.#.######
.........(..>#.#.......).
####.#.#)###.#.#.########
#.......#.)<........
###.################ ...


You could see Terence.

Vanquished Creatures
  A dart slug (D:1)
  2 leopard geckos (D:1)
  3 goblins
  2 hobgoblins
  A quokka (D:2)
  A ball python (D:1)
  3 bats
  4 frilled lizards
  A kobold (D:2)
  3 rats
21 creatures vanquished.

Notes
Turn   | Place    | Note
-------+----------+-------------------------------------------
     0 | D:1      | Gadfly the Ogre Monk began the quest for the Orb.
     0 | D:1      | Reached XP level 1. HP: 24/24 MP: 1/1
   186 | D:1      | Reached XP level 2. HP: 29/32 MP: 2/2
   518 | D:1      | Reached skill level 1 in Invocations
   843 | D:2      | Found an iron altar of Okawaru.
   852 | D:2      | Became a worshipper of Warmaster Okawaru
   852 | D:2      | Reached * piety under Okawaru
   852 | D:2      | Reached ** piety under Okawaru
   928 | D:2      | Noticed Terence
   937 | D:2      | Reached XP level 3. HP: 15/39 MP: 3/3
   943 | D:2      | Slain by Terence

Illustrated notes

Levels and vault maps discovered:
D:1:      lemuel_arrival_river_ford, layout_rooms
D:2:      layout_basic, lemuel_crystal_altar, old_standard_altar, moated_statue,
          uniq_terence

Skill      XL: |  1  2 |
---------------+-------+-----
Invocations    | 1 |  1.1
Fighting       | |  4.0
Maces & Flails | |  2.8
Throwing       | |  0.9
Armour         | |  0.6
Dodging        | |  2.6
Stealth        | |  1.4
Evocations     | |  0.6

Action                   || total
-------------------------++-------
Melee: Mace              ||    70
Throw: Stone             ||     2
  Use: Scroll            ||     3
       Potion            ||     1
 Stab: Sleeping          ||     1
Armor: Robe              ||    26
Dodge: Dodged            ||    46
